[Event "Early-Titled-Tuesday-Blitz-June-18-2024"]
[Site "Chess.com"]
[Date "2024.06.18"]
[Round "8"]
[White "GothamChess"]
[Black "CrimeFightingSpider07"]
[Result "1-0"]
[WhiteElo "2765"]
[BlackElo "2539"]
[TimeControl "180+1"]
[EndTime "9:29:37 PDT"]
[Termination "GothamChess won by resignation"]

1. e4 e5 2. Nf3 Nf6 3. d3 Nc6 4. c3 d5 5. Qc2 a5 6. a4 Bc5 7. h3 O-O 8. Be2 h6 9. Nbd2 Be6 10. Nf1 Re8 11. g4 Nh7 12. Ne3 g6 13. Nf5 gxf5 14.
gxf5 Bf8 15. Rg1+ Kh8 16. fxe6 Rxe6 17. Be3 Rg6 18. O-O-O Bg7 19. Rxg6 fxg6 20. d4 dxe4 21. Qxe4 exd4 22. Qxg6 Qe8 23. Nh4 Nf8 24. Qxe8 Rxe8 25. cxd4 Nxd4 26. Rxd4 Bxd4 27. Bxd4+ Kg8 28. Bc4+ Kh7 29.
Bc3 Ne6 30. Bd3+ Kg8 31. Nf5 Nf4 32. Nxh6+ Kf8 33. Bc4 Re4 34. b3 b6 35. h4 Ne2+ 36.
Bxe2 Rxe2 37. Ng4 Re4 38. f3 Rf4 39. Ne5 Rxh4 40. Ng6+ 1-0

[Event "Early-Titled-Tuesday-Blitz-June-18-2024"]
[Site "Chess.com"]
[Date "2024.06.18"]
[Round "8"]
[White "pinelone"]
[Black "GatoRojo150"]
[Result "0-1"]
[WhiteElo "2477"]
[BlackElo "2628"]
[TimeControl "180+1"]
[EndTime "9:29:42 PDT"]
[Termination "GatoRojo150 won by checkmate"]

1. Nf3 d5 2. d4 Nf6 3. c4 dxc4 4. e3 Bg4 5. Bxc4 e6 6. h3 Bh5 7. Nc3 Nc6 8. Bb5 Bb4 9. g4 Bg6 10.
Ne5 O-O 11. Nxc6 bxc6 12. Bxc6 Rb8 13. O-O h5 14. Bf3 hxg4 15. hxg4 Nd5 16. Nxd5 exd5 17. Kg2 c6 18. Bd2 Bd6 19. Bc3 f5 20. Rh1 Qg5 21.
Kf1 fxg4 22. Bxg4 Rbe8 23. Bd2 Bd3+ 24. Ke1 Qf6 25. f3 Bg3# 0-1

[Event "Early-Titled-Tuesday-Blitz-June-18-2024"]
[Site "Chess.com"]
[Date "2024.06.18"]
[Round "8"]
[White "Witik"]
[Black "Slovineanu"]
[Result "1-0"]
[WhiteElo "2805"]
[BlackElo "2552"]
[TimeControl "180+1"]
[EndTime "9:29:43 PDT"]
[Termination "Witik won by resignation"]

1. d4 Nf6 2. Bf4 d5 3. e3 e6 4.
Nf3 c5 5. Nbd2 Bd6 6. Bg3 Qc7 7.
Bxd6 Qxd6 8. Ne5 Nc6 9. Bb5 O-O 10. Bxc6 bxc6 11. Nb3 cxd4 12. exd4 Nd7 13. Nxd7 Bxd7 14. O-O e5 15. dxe5 Qxe5 16. c3 Rfe8 17. Re1 Qxe1+ 18.
Qxe1 Rxe1+ 19. Rxe1 Kf8 20. Nc5 Bf5 21. f3 a5 22. g4 Bc8 23. b3 Ra7 24. Kf2 Re7 25. Rxe7 Kxe7 26. Ke3 Kd6 27. Kd4 f6 28. a4 g6 29. b4 axb4 30. cxb4 h5 31. gxh5 gxh5 32. h4 Bh3 33. Nd3 Bg2 34. Ke3 Bf1 35. Nf4 Ke5 36.
Nxh5 d4+ 37. Kf2 Bc4 38. Ng3 Bb3 39. a5 Bc4 40. h5 f5 41. h6 Bg8 42. a6 1-0

[Event "Early-Titled-Tuesday-Blitz-June-18-2024"]
[Site "Chess.com"]
[Date "2024.06.18"]
[Round "8"]
[White "karinachess1"]
[Black "blitzking1729"]
[Result "0-1"]
[WhiteElo "2662"]
[BlackElo "2829"]
[TimeControl "180+1"]
[EndTime "9:29:46 PDT"]
[Termination "blitzking1729 won on time"]

1. d4 Nf6 2. c4 c6 3. Nf3 d5 4. g3 g6 5. Bg2 Bg7 6. Nc3 O-O 7. Qb3 dxc4 8. Qxc4 Bf5 9. O-O Nbd7 10. Qb3 Qb6 11. Qa3 Rfe8 12. Be3 Ng4 13. Bf4 e5 14.
dxe5 Ndxe5 15. Nxe5 Nxe5 16. Bxe5 Rxe5 17. Qb3 Qxb3 18.
axb3 Be6 19. b4 Bc4 20. Rfd1 Bf8 21. Rd7 Re7 22. Rxe7 Bxe7 23. b5 cxb5 24. Bxb7 Rd8 25. Rxa7 b4 26. Na4 Rd1+ 27. Kg2 Bxe2 28. Bc6 Bd6 29.
h4 h5 30. Bf3 Bf1+ 31. Kh2 Rd2 32. Kg1 Bc4 33. Rb7 Be6 34. Kg2 b3 35. Rb6 Be5 36. Nc5 Bc4 37. Nxb3 Rxb2 0-1

[Event "Early-Titled-Tuesday-Blitz-June-18-2024"]
[Site "Chess.com"]
[Date "2024.06.18"]
[Round "8"]
[White "tusplingher"]
[Black "gilbert_gm"]
[Result "0-1"]
[WhiteElo "2577"]
[BlackElo "2862"]
[TimeControl "180+1"]
[EndTime "9:29:46 PDT"]
[Termination "gilbert_gm won by resignation"]

1. e4 c5 2. Nf3 Nc6 3. Bc4 e6 4. O-O a6 5. Re1 b5 6. Bf1 Bb7 7. c3 Nf6 8. d4 d5 9. e5 Nd7 10. a4 c4 11. b3 Na5 12. Nbd2 Be7 13. Ba3 Bxa3 14. Rxa3 O-O 15. Qb1 Rb8 16. Qa2 cxb3 17. Nxb3 Nc4 18. Bxc4 dxc4 19. Nbd2 Nb6 20. axb5 axb5 21. Ra7 Ra8 22. Rxa8 Qxa8 23. Qb2 Bc6 24. Ra1 Qb7 25. Ne1 h6 26. f3 Qe7 27. Ne4 Na4 28. Qc1 Rb8 29. Rb1 Ra8 30. Nd6 Qg5 31. Qxg5 hxg5 32. Nxb5 Bxb5 33. Rxb5 Nxc3 34. Rc5 Ra4 35.
Kf2 Nd5 36. Ke2 Ra2+ 37. Kd1 Ne3+ 38. Kc1 Re2 39. Rxc4 Nxc4 0-1

[Event "Early-Titled-Tuesday-Blitz-June-18-2024"]
[Site "Chess.com"]
[Date "2024.06.18"]
[Round "8"]
[White "laskakid"]
[Black "Defend1r"]
[Result "0-1"]
[WhiteElo "2383"]
[BlackElo "2537"]
[TimeControl "180+1"]
[EndTime "9:29:48 PDT"]
[Termination "Defend1r won by checkmate"]

1. Nf3 Nf6 2. b3 e6 3. Bb2 Be7 4.
c4 b6 5. g3 Bb7 6. Bg2 O-O 7. O-O c5 8. d4 cxd4 9. Qxd4 Qc8 10.
Nc3 Nc6 11. Qf4 d6 12. Rfd1 a6 13. Rac1 e5 14. Qd2 Nd8 15. Ne1 Bxg2 16. Nxg2 Qb7 17.
Ne3 Ne6 18. Ned5 Nxd5 19. Nxd5 Rfd8 20. e3 Nc5 21. Qc2 g6 22. f4 f6 23. h4 Rac8 24.
f5 Kf7 25. Rf1 b5 26. fxg6+ hxg6 27. h5 Rg8 28. Qf2 Nd3 29. hxg6+ Rxg6 30. Qf5 Rxg3+ 31. Kh2 Rg6 32. Rf3 Nxc1 33. Nxe7 Rh8+ 34. Rh3 Qg2# 0-1

[Event "Early-Titled-Tuesday-Blitz-June-18-2024"]
[Site "Chess.com"]
[Date "2024.06.18"]
[Round "8"]
[White "Dr_Pepper18"]
[Black "FishThatRoared"]
[Result "1-0"]
[WhiteElo "2450"]
[BlackElo "2260"]
[TimeControl "180+1"]
[EndTime "9:29:48 PDT"]
[Termination "Dr_Pepper18 won by resignation"]

1. d4 b6 2. c4 Bb7 3. Nc3 e6 4. a3 f5 5. Nf3 Nf6 6. g3 Be7 7. Bg2 O-O 8. O-O Qe8 9. d5 Na6 10. b4 Qh5 11. h3 Rad8 12. Bb2 Ne4 13. Nxe4 fxe4 14. g4 Qe8 15. Nd4 exd5 16. cxd5 Bxd5 17. Nf5 c6 18. Nxg7 Qg6 19. Nf5 Bf6 20. Bxf6 Qxf6 21. f4 Rde8 22. Ne3 Nc7 23. Qd2 Kh8 24. Kh2 b5 25. a4 a6 26. axb5 axb5 27. Ra7 Qd6 28. Nf5 Rxf5 29. gxf5 Rf8 30. Qd4+ Qf6 31. Qxf6+ Rxf6 32.
Rxc7 Rxf5 33. e3 Rf7 34. Ra1 1-0

[Event "Early-Titled-Tuesday-Blitz-June-18-2024"]
[Site "Chess.com"]
[Date "2024.06.18"]
[Round "8"]
[White "Yan_Dyomin2010"]
[Black "atbenina64"]
[Result "1-0"]
[WhiteElo "2679"]
[BlackElo "2829"]
[TimeControl "180+1"]
[EndTime "9:29:50 PDT"]
[Termination "Yan_Dyomin2010 won by resignation"]

1. e4 c5 2. Nf3 d6 3. d4 cxd4 4. Qxd4 Nf6 5. Nc3 Nc6 6. Bb5 e5 7. Qd3 Be7 8. Bg5 O-O 9. Bxf6 Bxf6 10. Nd5 Be6 11. Nxf6+ gxf6 12. c4 Nb4 13. Qd2 Qa5 14.
O-O a6 15. Qh6 Rfc8 16. Qxf6 axb5 17. Ng5 Qd8 18. Qh6 Bxc4 19. Nxh7 Bxf1 20. Rxf1 d5 21. Nf6+ Qxf6 22. Qxf6 d4 23. Qg5+ Kf8 24. Qxe5 Nc6 25. Qh8+ Ke7 26. Qh4+ Kf8 27. Rd1 Rd8 28. e5 Rxa2 29. Qf6 Re8 30. h4 Rxe5 31. Qh8+ Ke7 32. h5 Rxb2 33. h6 Ree2 34. h7 Rxf2 35. Qg7 1-0

[Event "Early-Titled-Tuesday-Blitz-June-18-2024"]
[Site "Chess.com"]
[Date "2024.06.18"]
[Round "8"]
[White "rachidhuilda"]
[Black "BM223344"]
[Result "0-1"]
[WhiteElo "2404"]
[BlackElo "2571"]
[TimeControl "180+1"]
[EndTime "9:29:52 PDT"]
[Termination "BM223344 won on time"]

1. d4 Nf6 2. Bg5 Ne4 3. Bf4 g5 4. Be5 Rg8 5. e3 Nc6 6. Bd3 d5 7. Bxe4 dxe4 8. Nc3 Bf5 9. Nge2 e6 10. Bg3 h5 11. h4 gxh4 12. Bxh4 Be7 13. g3 Bg4 14.
Nxe4 Bf3 15. Bxe7 Nxe7 16. Rh4 Ng6 17. Qd3 Nxh4 18. gxh4 Qxh4 19. Qb5+ Kf8 20. O-O-O Bxe4 21. Nf4 Qg5 22. Qb4+ Qe7 23. Qc3 h4 24. Rf1 Rd8 25.
f3 Bc6 26. e4 Qg5 27. Qe3 h3 28. Kd2 h2 29. Rh1 Rxd4+ 30. Qxd4 Qxf4+ 31. Kc3 Qxf3+ 32. Kb4 Qxh1 33. Qd8+ Be8 0-1

[Event "Early-Titled-Tuesday-Blitz-June-18-2024"]
[Site "Chess.com"]
[Date "2024.06.18"]
[Round "8"]
[White "ClauAmura"]
[Black "ilovejokes555"]
[Result "0-1"]
[WhiteElo "2355"]
[BlackElo "2220"]
[TimeControl "180+1"]
[EndTime "9:29:52 PDT"]
[Termination "ilovejokes555 won by resignation"]

1. d4 Nf6 2. Bg5 Ne4 3. Bh4 d5 4. f3 Nd6 5. Nd2 g6 6. e4 c6 7. e5 Nf5 8. Bf2 Bg7 9. Bd3 O-O 10. Ne2 c5 11. c3 c4 12. Bc2 e6 13. O-O Ne7 14.
b3 b5 15. b4 a5 16. a3 Nbc6 17. f4 Bd7 18. Nf3 axb4 19. axb4 Rxa1 20. Qxa1 Qa8 21. Qb2 Qb7 22. Ra1 Ra8 23. Bh4 Nc8 24. g4 Rxa1+ 25. Qxa1 Qa7 26. Qb2 Nb6 27. Kg2 Na4 28.
Qc1 Qa8 29. f5 exf5 30. gxf5 Qc8 31. Qf4 Bxf5 32. Bxf5 Qxf5 33. Qxf5 gxf5 34. Bg5 Nb2 35. Nf4 h6 36. Bh4 Nd1 37. Nxd5 f4 38. Nd2 Bf8 39. Kf3 Nxc3 40. Nxc3 Bxb4 41. Nde4 Nxd4+ 42. Kxf4 Bxc3 43. Nxc3 b4 44. Nd5 c3 45. Be1 c2 46.
Bd2 b3 47. Nf6+ Kh8 48. e6 Nxe6+ 49. Ke3 b2 0-1

[Event "Early-Titled-Tuesday-Blitz-June-18-2024"]
[Site "Chess.com"]
[Date "2024.06.18"]
[Round "8"]
[White "cmunda"]
[Black "Larina_Maria"]
[Result "0-1"]
[WhiteElo "2191"]
[BlackElo "2371"]
[TimeControl "180+1"]
[EndTime "9:29:53 PDT"]
[Termination "Larina_Maria won by resignation"]

1. e4 c6 2. d4 d5 3. Nc3 dxe4 4. Nxe4 Nf6 5. Ng3 h5 6. h4 Bg4 7. f3 Qd6 8. N1e2 Bc8 9. c3 Nbd7 10. Bf4 e5 11.
dxe5 Nxe5 12. Qxd6 Bxd6 13. O-O-O Bc7 14. Nd4 O-O 15.
Ndf5 Nd3+ 16. Bxd3 Bxf4+ 17. Kc2 Re8 18. Rhe1 Be6 19. Ne2 Bc7 20. Ned4 Bxf5 21. Nxf5 g6 22. Nd4 Kg7 23. a4 Bg3 24. Rxe8 Rxe8 25. Bc4 Bxh4 26. Nb3 Re7 27. a5 Bf2 28. Rd2 Be3 29. Re2 Kf8 30.
Kd3 Bg1 31. Rxe7 Kxe7 32. Nd2 Nd5 33. Ke4 f5+ 34. Kd3 Nf4+ 35. Kc2 Nxg2 36. a6 b5 37. Bf1 Ne3+ 38. Kd3 Nxf1 39. Nxf1 h4 40. Ke2 h3 41.
Ng3 f4 42. Nh1 h2 43. Kf1 Kd6 44. Ke2 Kd5 45. Kd3 c5 46. b3 c4+ 47. bxc4+ bxc4+ 48.
Ke2 Kc5 49. Kf1 Kb6 50. Kg2 Kxa6 51. Nf2 Bxf2 52. Kh1 Bg1 0-1

[Event "Early-Titled-Tuesday-Blitz-June-18-2024"]
[Site "Chess.com"]
[Date "2024.06.18"]
[Round "8"]
[White "elizabethcastaneda"]
[Black "AndresDelgado77"]
[Result "1-0"]
[WhiteElo "2232"]
[BlackElo "2348"]
[TimeControl "180+1"]
[EndTime "9:29:56 PDT"]
[Termination "elizabethcastaneda won on time"]

1. e4 e6 2. d4 d5 3. Nd2 Nc6 4. Ngf3 Nf6 5. e5 Nd7 6. c3 f6 7.
exf6 Qxf6 8. Bd3 e5 9. dxe5 Ncxe5 10. Bc2 Bd6 11. O-O O-O 12. Nd4 a6 13. N2f3 c5 14.
Bg5 Qf7 15. Nf5 Nxf3+ 16. gxf3 Ne5 17. Nxd6 Nxf3+ 18. Kh1 Qh5 19. Qxd5+ Kh8 20. Nf7+ Qxf7 21. Qxf7 Rxf7 22. Be3 Bd7 23. Be4 Re8 24. Bxf3 Rxf3 25. Rfd1 Bc6 26. Kg1 Re6 27. Rd8+ Be8 28. Rad1 Rf7 29.
R1d6 Rxd6 30. Rxe8+ 1-0

[Event "Early-Titled-Tuesday-Blitz-June-18-2024"]
[Site "Chess.com"]
[Date "2024.06.18"]
[Round "8"]
[White "Resignify"]
[Black "Zq1"]
[Result "0-1"]
[WhiteElo "2298"]
[BlackElo "2495"]
[TimeControl "180+1"]
[EndTime "9:29:56 PDT"]
[Termination "Zq1 won on time"]

1. e4 c5 2. Nc3 g6 3. g3 Bg7 4. Bg2 Nc6 5. d3 d6 6. f4 Rb8 7. Nf3 b5 8. a3 a5 9. O-O b4 10. axb4 axb4 11. Ne2 e6 12. Rb1 Nge7 13. Be3 O-O 14.
e5 Nd5 15. Bf2 dxe5 16. Bxc5 Re8 17. fxe5 Nxe5 18. Nxe5 Bxe5 19. Qd2 Bb7 20. c3 Bg7 21. cxb4 Ne7 22. Bxb7 Rxb7 23. d4 Nf5 24. Rbd1 Rd7 25. g4 Nd6 26. Nc3 Qh4 27. Qf4 Nc4 28. b3 e5 29. Qf3 Nb2 30. Rd2 exd4 31. Nd5 d3 32.
Nf6+ Bxf6 33. Qxf6 Qxg4+ 34. Kh1 Re2 0-1

[Event "Early-Titled-Tuesday-Blitz-June-18-2024"]
[Site "Chess.com"]
[Date "2024.06.18"]
[Round "8"]
[White "arctic_t00"]
[Black "topce"]
[Result "1-0"]
[WhiteElo "2736"]
[BlackElo "2527"]
[TimeControl "180+1"]
[EndTime "9:29:57 PDT"]
[Termination "arctic_t00 won on time"]

1. d4 e6 2. Nf3 f5 3. g3 Nf6 4. Bg2 Ne4 5. O-O Be7 6. Nbd2 Bf6 7. c3 O-O 8. Nxe4 fxe4 9. Ne5 d6 10. Ng4 d5 11. f3 exf3 12. Nxf6+ gxf6 13. Bxf3 c6 14. e4 Kh8 15. Be3 Rg8 16. Qd2 b6 17. Rf2 Ba6 18.
Bg2 Nd7 19. Re1 Rg6 20. exd5 cxd5 21. Bh3 Qg8 22. Bf4 Nf8 23. Bd6 Re8 24. Qf4 Bc8 25. Qh4 Bd7 26. Rxf6 Qg7 27. Be5 Rxg3+ 28. hxg3 Ng6 29.
Rxg6 Qxe5 30. Rxe5 Rf8 31. Qh6 Rf1+ 32. Kxf1 1-0

[Event "Early-Titled-Tuesday-Blitz-June-18-2024"]
[Site "Chess.com"]
[Date "2024.06.18"]
[Round "8"]
[White "MarlonJodar"]
[Black "Iskusnyh"]
[Result "0-1"]
[WhiteElo "2354"]
[BlackElo "2635"]
[TimeControl "180+1"]
[EndTime "9:29:57 PDT"]
[Termination "Iskusnyh won by checkmate"]

1. e4 e6 2. d4 d5 3. Nc3 Nf6 4. e5 Nfd7 5. f4 c5 6. Nf3 Nc6 7. Be3 Rb8 8. Qd2 Qa5 9. dxc5 Bxc5 10. Nd4 O-O 11. Be2 Bxd4 12. Bxd4 b5 13. O-O b4 14. Nd1 Ba6 15. Bxa6 Qxa6 16. Ne3 Nxd4 17. Qxd4 Qb6 18. Rfd1 Rfc8 19. g3 Nc5 20. Kg2 Na4 21. Rab1 a5 22.
Kf3 Nc5 23. g4 Ne4 24. h4 a4 25. Qxb6 Rxb6 26. Rd4 Kf8 27. f5 Ke7 28. Rbd1 Rb7 29. Kf4 a3 30. bxa3 Nc3 31. Re1 bxa3 32. Rd3 Rb2 33.
Ra1 d4 34. Nd1 Rxc2 35. Rxd4 Ne2+ 36. Ke3 Nxd4 37. Kxd4 Rg2 38. g5 exf5 39. Ne3 Rd2# 0-1

[Event "Early-Titled-Tuesday-Blitz-June-18-2024"]
[Site "Chess.com"]
[Date "2024.06.18"]
[Round "8"]
[White "HouseOfDurin"]
[Black "LLariMarc"]
[Result "0-1"]
[WhiteElo "2294"]
[BlackElo "2479"]
[TimeControl "180+1"]
[EndTime "9:29:57 PDT"]
[Termination "LLariMarc won on time"]

1. d4 f5 2. Bg5 Nf6 3. Bxf6 exf6 4.
c4 g6 5. Nc3 Bg7 6. e3 O-O 7.
g3 d6 8. Bg2 c6 9. Nge2 Re8 10.
O-O Be6 11. d5 Bf7 12. dxc6 bxc6 13. Qd3 Qc7 14. Rfd1 Rd8 15. b4 Na6 16. b5 Nc5 17. Qc2 Bxc4 18. Bxc6 Rac8 19. Nd5 Bxd5 20. Rxd5 Qb6 21.
Rad1 Rxc6 22. bxc6 Ne4 23. Qb3 Qxb3 24. axb3 Rc8 25.
Rxd6 Nxd6 26. Rxd6 Bf8 27. Re6 Kf7 28. Nd4 Bc5 29.
b4 Bxd4 30. Rd6 Bb6 31. b5 Rc7 32. h4 h5 33. Kf1 Ke7 34. Rd3 a6 35. bxa6 Rxc6 36.
Ra3 Rc7 37. Ra2 Ra7 38. Ke2 Kd6 39. Kf3 Kc6 40. e4 fxe4+ 41. Kxe4 Kb5 42. f4 Rxa6 43.
Rd2 f5+ 44. Kd5 Ba5 45. Rb2+ Bb4 46. Rb1 Rd6+ 47. Ke5 Rc6 48. Rd1 Kc4 49. Rc1+ Bc3+ 50. Rxc3+ Kxc3 51. Kd5 Ra6 52. g4 hxg4 53. Ke5 Kd3 54.
h5 gxh5 55. Kd5 g3 0-1

[Event "Early-Titled-Tuesday-Blitz-June-18-2024"]
[Site "Chess.com"]
[Date "2024.06.18"]
[Round "8"]
[White "BirdMaster3000"]
[Black "ChristopherYoo"]
[Result "1-0"]
[WhiteElo "2786"]
[BlackElo "3000"]
[TimeControl "180+1"]
[EndTime "9:29:59 PDT"]
[Termination "BirdMaster3000 won on time"]

1. f4 f5 2. Nf3 Nf6 3. g3 g6 4. Bg2 Bg7 5. O-O O-O 6. d3 d6 7. Nc3 Nc6 8. e4 e5 9. exf5 gxf5 10. Nh4 Nd4 11. Ne2 Nxe2+ 12. Qxe2 e4 13. dxe4 fxe4 14.
f5 d5 15. g4 d4 16. Qc4+ Kh8 17. g5 e3 18. c3 Re8 19. Qxd4 Qxd4 20. cxd4 e2 21. Re1 Ng4 22. f6 Bf8 23. h3 Bd6 24. hxg4 Bg3 25. Nf3 Bxg4 26. Bd2 Bxe1 27. Rxe1 Rad8 28.
Bc3 Kg8 29. Ne5 Bh5 30. Bxb7 c5 31. d5 Rd6 32. Bc6 Red8 33. Nc4 Rxd5 34. Bxd5+ Rxd5 35. Ne5 Rd6 36. Kf2 h6 37. Rg1 Kf8 38. Nf3 Rd3 39. Rg3 1-0

[Event "Early-Titled-Tuesday-Blitz-June-18-2024"]
[Site "Chess.com"]
[Date "2024.06.18"]
[Round "8"]
[White "N_Mullodzhanov"]
[Black "Senn71"]
[Result "0-1"]
[WhiteElo "2535"]
[BlackElo "2359"]
[TimeControl "180+1"]
[EndTime "9:29:59 PDT"]
[Termination "Senn71 won on time"]

1. e4 c5 2. c3 Nf6 3. e5 Nd5 4. Nf3 d6 5. exd6 e6 6. g3 Bxd6 7. Bg2 O-O 8. O-O Nc6 9. d4 Qc7 10. Na3 a6 11. Nc4 cxd4 12. Nxd6 Qxd6 13. Nxd4 Rd8 14.
Re1 Rb8 15. Nxc6 Qxc6 16. Bf4 Ra8 17. Qg4 Nf6 18. Bxc6 Nxg4 19. Bc7 Rf8 20. Bf3 Nf6 21. Rad1 Nd5 22. Bd6 Rd8 23. Bc5 b5 24. b3 Bb7 25.
c4 Rdc8 26. cxd5 Rxc5 27. dxe6 Bxf3 28. e7 Rcc8 29. Rd3 Bc6 30. Rc3 Be8 31. Rd3 f6 32. f4 Kf7 0-1

[Event "Early-Titled-Tuesday-Blitz-June-18-2024"]
[Site "Chess.com"]
[Date "2024.06.18"]
[Round "8"]
[White "milovichalex"]
[Black "SujanaLohani"]
[Result "0-1"]
[WhiteElo "2379"]
[BlackElo "2269"]
[TimeControl "180+1"]
[EndTime "9:29:59 PDT"]
[Termination "SujanaLohani won by resignation"]

1. e4 c5 2. Nf3 e6 3. d3 Nc6 4. g3 d5 5. exd5 exd5 6. Bg2 Qe7+ 7. Qe2 Qxe2+ 8. Kxe2 Nf6 9. Re1 Be7 10. Kf1 O-O 11.
Nc3 h6 12. a3 a6 13. Ne5 Nxe5 14. Rxe5 Bd6 15. Re2 Bg4 16. f3 Be6 17. f4 Rad8 18.
h3 b5 19. Bd2 Rfe8 20. Rae1 Kf8 21. g4 d4 22. Ne4 Nxe4 23. dxe4 Bc4 24. e5 Bxe2+ 25.
Rxe2 Bb8 26. Bb7 Re6 27. Ba5 Rde8 28. Bd5 R6e7 29. Bc6 Rc8 30. Bd5 f6 31. exf6 Rxe2 32. fxg7+ Kxg7 33. Kxe2 Bxf4 34. Kf3 Bc1 35. b3 Bxa3 36.
Ke4 Re8+ 37. Kf5 Bc1 38. Bc7 Rf8+ 39. Ke6 Bf4 40. Bb6 Re8+ 41. Kd7 Re2 42. Bxc5 Be5 43. Ke6 Rxc2 44. Kxe5 Rxc5 45. Kxd4 Rc1 46. h4 a5 47. g5 hxg5 48. hxg5 Kg6 49. Bc6 Rxc6 0-1

[Event "Early-Titled-Tuesday-Blitz-June-18-2024"]
[Site "Chess.com"]
[Date "2024.06.18"]
[Round "8"]
[White "Brown_Bear_MGL"]
[Black "Boundless_Strike"]
[Result "0-1"]
[WhiteElo "2510"]
[BlackElo "2666"]
[TimeControl "180+1"]
[EndTime "9:30:00 PDT"]
[Termination "Boundless_Strike won by resignation"]

1. b3 e5 2. Bb2 d6 3. c4 f5 4. e3 Nf6 5. d3 Be7 6. Nd2 O-O 7. Qc2 Nc6 8. a3 Kh8 9. Ngf3 Qe8 10. g3 e4 11. Nd4 Ne5 12. O-O-O a6 13. dxe4 fxe4 14. Nxe4 Nxe4 15. Qxe4 c5 16. Ne2 Rxf2 17. Bxe5 Bf5 18. Bxg7+ Kxg7 19. Qd5 Bg5 20. Rd3 Bxd3 21. Qxd3 Qxe3+ 22. Qxe3 Bxe3+ 23. Kc2 Raf8 24. Kd3 Rxf1 25. Rxf1 Rxf1 26. Kxe3 Rb1 27. Ke4 Rxb3 28. Nf4 Kf6 29. Kd5 Ke7 30. a4 Re3 0-1

[Event "Early-Titled-Tuesday-Blitz-June-18-2024"]
[Site "Chess.com"]
[Date "2024.06.18"]
[Round "8"]
[White "WiktoriaPOL"]
[Black "averageFM"]
[Result "0-1"]
[WhiteElo "2400"]
[BlackElo "2569"]
[TimeControl "180+1"]
[EndTime "9:30:00 PDT"]
[Termination "averageFM won by checkmate"]

1. c4 g6 2. Nc3 Nf6 3. g3 c5 4. Bg2 Bg7 5. e4 Nc6 6. Nge2 d6 7. d3 O-O 8. O-O a6 9. h3 b5 10. e5 Nxe5 11. Bxa8 Bxh3 12. Bg2 Bxg2 13. Kxg2 Qa8+ 14. f3 bxc4 15. dxc4 Nxc4 16. b3 Ne5 17. Bb2 Nfg4 18. Bc1 Nxf3 19. Rxf3 Ne5 20. Qf1 d5 21. Bb2 d4 22.
Na4 Qd5 23. Nf4 Qc6 24. Nd3 Ng4 25. Bc1 e5 26. Ndxc5 e4 27. Rf4 h5 28. Nxe4 f5 29. Bd2 Kh7 30. Qf3 fxe4 31. Qxe4 Qxe4+ 32. Rxe4 Rf2+ 33. Kh3 Rh2# 0-1

[Event "Early-Titled-Tuesday-Blitz-June-18-2024"]
[Site "Chess.com"]
[Date "2024.06.18"]
[Round "8"]
[White "Forge13"]
[Black "Sanyura"]
[Result "0-1"]
[WhiteElo "2664"]
[BlackElo "2531"]
[TimeControl "180+1"]
[EndTime "9:30:01 PDT"]
[Termination "Sanyura won by resignation"]

1. e4 c5 2. Nf3 e6 3. c3 d5 4. d3 Nc6 5. Nbd2 Bd6 6. g3 Nge7 7. Bg2 O-O 8. O-O b6 9. Re1 Ba6 10. e5 Bc7 11. Nf1 d4 12. c4 Ng6 13. h4 Ngxe5 14.
Nxe5 Nxe5 15. Bf4 Nd7 16. Bxa8 Bxf4 17. Bg2 Bc7 18. Qa4 Bc8 19. Qxa7 e5 20. Nd2 f5 21. a3 e4 22. dxe4 f4 23. Nf1 f3 24. Bh1 Ne5 25. b4 Bd6 26. bxc5 Bxc5 27. Nd2 d3 28. Nb3 Bxf2+ 29. Kxf2 d2 30. Red1 Ng4+ 31. Kf1 Qd3+ 32.
Kg1 f2+ 33. Kg2 Ne3+ 34. Kh2 Nxd1 35. Rxd1 Qxb3 36. e5 Qxd1 37. Bd5+ Kh8 38. Qe7 f1=Q 0-1

[Event "Early-Titled-Tuesday-Blitz-June-18-2024"]
[Site "Chess.com"]
[Date "2024.06.18"]
[Round "8"]
[White "FairChess_on_YouTube"]
[Black "js20000"]
[Result "0-1"]
[WhiteElo "3091"]
[BlackElo "2811"]
[TimeControl "180+1"]
[EndTime "9:30:03 PDT"]
[Termination "js20000 won by checkmate"]

1. d4 d6 2. e4 Nf6 3. Nc3 e6 4. f4 Nc6 5. Nf3 d5 6. e5 Ne4 7. Bd3 Bb4 8. Bd2 Bxc3 9. Bxc3 Ne7 10. Bb4 b6 11. Qe2 Bb7 12. O-O c5 13. Ba3 Nf5 14.
Rad1 c4 15. Bxe4 dxe4 16. Nd2 Qxd4+ 17. Kh1 b5 18. Nb1 Qe3 19. Qg4 h5 20. Qg5 h4 21.
Nc3 Ng3+ 22. Qxg3 hxg3 23. h3 Qb6 24. Rd6 Qa5 25. f5 b4 26. fxe6 bxa3 27. exf7+ Kf8 28.
e6 Qe5 29. Rfd1 Ke7 30. Rd7+ Kxe6 31. Rxb7 Rhd8 32. Rf1 axb2 33. Ne2 Rab8 34. Rxb8 Rxb8 35. Nf4+ Qxf4 36. Rxf4 b1=R+ 37. Rf1 Rxf1# 0-1

[Event "Early-Titled-Tuesday-Blitz-June-18-2024"]
[Site "Chess.com"]
[Date "2024.06.18"]
[Round "8"]
[White "ImportedItalianMaple"]
[Black "Harry_Rakkel"]
[Result "0-1"]
[WhiteElo "2523"]
[BlackElo "2671"]
[TimeControl "180+1"]
[EndTime "9:30:03 PDT"]
[Termination "Harry_Rakkel won on time"]

1. e4 c5 2. Nf3 e6 3. g3 Nf6 4. e5 Nd5 5. Bg2 Nc6 6. O-O b5 7.
d4 Qb6 8. c4 bxc4 9. Nc3 cxd4 10. Nxd5 exd5 11. Nd2 Qc5 12. Qf3 Nb4 13. a3 Nc2 14.
Qxd5 Rb8 15. Ra2 Ba6 16. Rd1 d3 17. Qxc5 Bxc5 18. Ne4 Be7 19. Bg5 Bxg5 20. Nxg5 O-O 21. Ne4 Rfe8 22. f4 Rec8 23. Nd6 Rc5 24. Rd2 g6 25.
Kf2 h5 26. h3 Bb5 27. g4 Ba4 0-1

[Event "Early-Titled-Tuesday-Blitz-June-18-2024"]
[Site "Chess.com"]
[Date "2024.06.18"]
[Round "8"]
[White "Omranalhosani21"]
[Black "Hamisandwich"]
[Result "0-1"]
[WhiteElo "2569"]
[BlackElo "2759"]
[TimeControl "180+1"]
[EndTime "9:30:04 PDT"]
[Termination "Hamisandwich won by resignation"]

1. d4 e6 2. c4 b6 3. Nc3 Bb7 4. Nf3 Bb4 5. Bd2 f5 6. a3 Bxc3 7. Bxc3 Nf6 8. e3 Ne4 9. Rc1 O-O 10. d5 Nxc3 11. Rxc3 Qf6 12. Qd4 c5 13. Qxf6 Rxf6 14. dxe6 dxe6 15. Rd3 Nc6 16. Rd7 Rf7 17. Rxf7 Kxf7 18.
Be2 e5 19. Ng5+ Kf6 20. h4 h6 21. Nf3 e4 22. Nd2 Ne5 23. Kd1 Rd8 24. Kc2 Nd3 25. f3 exf3 26. Bxd3 fxg2 27. Rg1 g5 28. Be2 gxh4 29.
Bf3 Rxd2+ 0-1

[Event "Early-Titled-Tuesday-Blitz-June-18-2024"]
[Site "Chess.com"]
[Date "2024.06.18"]
[Round "8"]
[White "Zavgorodniy_Sergiy"]
[Black "Niteshch"]
[Result "1-0"]
[WhiteElo "2608"]
[BlackElo "2366"]
[TimeControl "180+1"]
[EndTime "9:30:05 PDT"]
[Termination "Zavgorodniy_Sergiy won by resignation"]

1. d4 Nf6 2. Nc3 d5 3. Bf4 g6 4.
Nf3 Bg7 5. h3 O-O 6. e3 c5 7.
Nb5 Na6 8. c3 Bd7 9. Be2 c4 10.
a4 Ne4 11. O-O Bxb5 12. axb5 Nc7 13. Nd2 Nxd2 14. Qxd2 Nxb5 15. e4 dxe4 16. Bxc4 Nd6 17. Be2 Nf5 18. Qc2 Qd5 19. Ra4 Rfd8 20. Rfa1 Rac8 21.
Qb1 e5 22. Ra5 Qc6 23. Bxe5 e3 24. Bxg7 exf2+ 25. Kxf2 Kxg7 26. Bg4 Rd5 27. Bxf5 gxf5 28. Qc1 h6 29. Rxd5 Qxd5 30. Qe3 a5 31. Kg1 Ra8 32. Rf1 a4 33. Qg3+ Kf6 34. Re1 a3 35. bxa3 Rxa3 36.
Re5 Ra1+ 37. Kh2 Qc4 38. Qf4 Qf1 39. Rxf5+ 1-0

[Event "Early-Titled-Tuesday-Blitz-June-18-2024"]
[Site "Chess.com"]
[Date "2024.06.18"]
[Round "8"]
[White "Viktor_Poddubnyi"]
[Black "JosefineHeinemann"]
[Result "0-1"]
[WhiteElo "2322"]
[BlackElo "2479"]
[TimeControl "180+1"]
[EndTime "9:30:06 PDT"]
[Termination "JosefineHeinemann won on time"]

1. e4 e5 2. f4 exf4 3. Nf3 g5 4.
h4 d5 5. exd5 g4 6. Ne5 Qe7 7.
Qe2 Nf6 8. c4 Nh5 9. d4 Ng3 10.
Qf2 Nxh1 11. Qxf4 g3 12. Nc3 f6 13. Be2 fxe5 14. Bh5+ Kd8 15. dxe5 Bg7 16. e6 Bxe6 17. dxe6 Qxe6+ 18. Be3 Nf2 19. Qxg3 Bxc3+ 20. bxc3 Nd3+ 21.
Kd2 Ne5 22. Bg5+ Kc8 23. Kc2 Nbd7 24. Re1 Qf5+ 25. Kb3 h6 26. Bf4 Qxh5 27. Bxe5 Nxe5 28.
Rxe5 Qf7 29. Qg4+ Kb8 0-1